 Dungeon Crawl Stone Soup version 0.22.1-1-ga44c0e5 (webtiles) character file.

385 Anon1729 the Skirmisher (level 6, -5/52 HPs)
             Began as a Ghoul Gladiator on Oct 25, 2018.
             Slain by an ogre
             ... wielding a +0 giant spiked club
              (9 damage)
             ... on level 6 of the Dungeon.
             The game lasted 00:04:55 (3832 turns).

Anon1729 the Skirmisher (Ghoul Gladiator)           Turns: 3832, Time: 00:04:55

Health: -5/52      AC:  5    Str: 18    XL:     6   Next: 77%
Magic:  5/5        EV: 13    Int:  5    God:
Gold:   384        SH:  0    Dex: 10    Spells: 5/5 levels left

rFire    + . .     SeeInvis .   a - +0 quarterstaff
rCold    + + .     Gourm    .   (shield currently unavailable)
rNeg     + + +     Faith    .   b - +0 leather armour
rPois    ∞         Spirit   .   c - +0 helmet
rElec    .         Reflect  .   q - scarf {rC+ rF+}
rCorr    .         Harm     .   (no gloves)
MR       .....                  m - +0 pair of boots
Stlth    +.........             (no amulet)
HPRegen  0.00/turn              (no ring)
MPRegen  0.09/turn              (no ring)

@: rotting
A: rotting body, claws 1, carnivore, cold resistance 1, negative energy
resistance 3, inhibited regeneration, torment resistance, unbreathing
a: no special abilities


You were on level 6 of the Dungeon.
You were not hungry.

You visited 1 branch of the dungeon, and saw 6 of its levels.

You collected 384 gold pieces.

Inventory:

Hand Weapons
 a - a +0 quarterstaff (weapon)
Missiles
 d - 3 throwing nets (quivered)
Armour
 b - a +0 leather armour (worn)
 c - a +0 helmet (worn)
 m - a +0 pair of boots (worn)
 q - a scarf of resistance (worn)
 y - a +0 hat of intelligence
Wands
 A - a wand of iceblast (6)
Scrolls
 e - 3 scrolls of remove curse {unknown}
 g - 3 scrolls of teleportation {unknown}
 i - a scroll of blinking {unknown}
 j - 2 scrolls of identify {unknown}
 k - a scroll of fog {unknown}
 n - a scroll of immolation {unknown}
 r - a scroll of amnesia {unknown}
 t - a scroll of enchant weapon {unknown}
 u - a scroll of magic mapping {unknown}
 v - a scroll of noise {unknown}
 z - a scroll of fear {unknown}
Potions
 h - 3 potions of curing {unknown}
 l - a potion of lignification {unknown}
 o - a potion of invisibility {unknown}
 p - 2 potions of degeneration {unknown}
 s - a potion of brilliance {unknown}
 w - a potion of berserk rage {unknown}
 x - a potion of mutation {unknown}
Comestibles
 f - 8 rations


   Skills:
 + Level 4.2 Fighting
 + Level 4.0 Staves
 - Level 1.7 Throwing
 + Level 2.6 Armour
 + Level 4.2 Dodging


You had 5 spell levels left.
You didn't know any spells.
Your spell library was empty.

Dungeon Overview and Level Annotations

Branches:
Dungeon (6/15)
 Temple: D:4-7

Altars:
Ashenzari
Elyvilon
The Shining One


Innate Abilities, Weirdness & Mutations

Your body is rotting away.
You thrive on raw meat.
You are immune to poison.
You have sharp fingernails.
You are carnivorous and can eat meat at any time.
Your flesh is cold resistant. (rC+)
You are immune to negative energy. (rN+++)
You do not regenerate when monsters are visible.
You are immune to unholy pain and torment.
You can survive without breathing.


Message History

There is a stone staircase leading down here.
There is a stone staircase leading down here.
You climb downwards.
An ogre and a quasit come into view.
The quasit gives a chilling moan.
Found four items.
There is a stone staircase leading up here.
You aren't carrying any items that you can evoke.
You see here a wand of iceblast (7).
A - a wand of iceblast (7) Evoke which item? (* to show all) (? for menu, Esc to quit)
Aiming: Iceblast
Press: ? - help, Shift-Dir - straight line, f - ogre
Aim: an ogre, wielding a giant spiked club The mass of ice explodes!
The iceblast engulfs the ogre.
The ogre is severely wounded.
The iceblast engulfs the quasit.
The quasit partially resists.
The quasit is severely wounded.
The ogre hits you with a giant spiked club!
You die...

###########
#.#.........#
#.#...:.....#
#.$.........#
$..........#
#.........#
#####.........#
#......O..<...#
##!@5......#
########.## .#
#


You could see an ogre and a quasit.

Vanquished Creatures
  An ogre (D:4)
  A phantom (D:4)
  A scorpion (D:5)
  An iguana (D:4)
  Robin (D:3)
  5 adders
  An ooze (D:2)
  A worm (D:4)
  A dart slug (D:2)
  A leopard gecko (D:5)
  6 orcs (D:4)
  A ball python (D:1)
  A bat (D:1)
  6 giant cockroaches
  12 goblins
  9 hobgoblins
  2 quokkas
  3 frilled lizards
  8 kobolds
  A quokka skeleton (D:4)
  12 rats
75 creatures vanquished.

Notes
Turn   | Place    | Note
-------+----------+-------------------------------------------
     0 | D:1      | Anon1729 the Ghoul Gladiator began the quest for the Orb.
     0 | D:1      | Reached XP level 1. HP: 17/17 MP: 0/0
   129 | D:1      | Reached XP level 2. HP: 19/25 MP: 1/1
   612 | D:1      | Found a shattered altar of Ashenzari.
   821 | D:2      | Reached XP level 3. HP: 30/30 MP: 2/2
  1085 | D:2      | Reached skill level 1 in Armour
  1338 | D:2      | Found a glowing golden altar of the Shining One.
  1762 | D:3      | Reached XP level 4. HP: 36/37 MP: 3/3
  2061 | D:3      | Noticed Robin
  2076 | D:3      | Killed Robin
  2335 | D:3      | Found a white marble altar of Elyvilon.
  2872 | D:4      | Noticed a phantom
  2879 | D:4      | Reached XP level 5. HP: 43/45 MP: 4/4
  2912 | D:4      | Killed a phantom
  3246 | D:4      | Reached XP level 6. HP: 44/52 MP: 5/5
  3599 | D:5      | Entered Level 5 of the Dungeon
  3687 | D:5      | Noticed a water moccasin
  3832 | D:6      | Slain by an ogre

Skill      XL: |  1  2  3  4  5  6 |
---------------+-------------------+-----
Dodging        | 3 4 |  4.2
Staves         | 3 4 |  4.0
Armour         | 1 2 |  2.6
Fighting       | 3 4 |  4.2
Throwing       | |  1.7

Action                   |  1- 3 |  4- 6 || total
-------------------------+-------+-------++-------
Melee: Quarterstaff      |   110 |   155 ||   265
Evoke: Wand              |       |     1 ||     1
  Eat: Chunk             |     5 |     6 ||    11
Armor: Leather armour    |    34 |    34 ||    68
Dodge: Dodged            |    74 |    86 ||   160
